 Dungeon Crawl Stone Soup version 0.27.1-4-g1640c2035a (webtiles) character file.

Game seed: 3873131025119911318

449 belegose the Sneak (level 7, -8/52 HPs)
             Began as a Human Brigand on Nov 17, 2021.
             Mangled by a black bear (10 damage)
             ... on level 4 of the Dungeon.
             The game lasted 00:17:54 (5572 turns).

belegose the Sneak (Human Brigand)                  Turns: 5572, Time: 00:17:55

Health: -8/52      AC:  6    Str: 12    XL:     7   Next: 25%
Magic:  9/9        EV: 10    Int: 12    God:
Gold:   212        SH:  0    Dex: 15    Spells: 6/9 levels left

rFire    . . .     SeeInvis .   a - +2 quarterstaff (chaos)
rCold    . . .     Faith    .   (shield currently unavailable)
rNeg     . . .     Spirit   .   s - +0 ring mail
rPois    .         Reflect  .   (no helmet)
rElec    .         Harm     .   c - +0 cloak
rCorr    .         Rampage  .   (no gloves)
Will     .....                  (no boots)
Stlth    ++........             (no amulet)
HPRegen  0.17/turn              (no ring)
MPRegen  0.11/turn              (no ring)

@: no status effects
A: no striking features
a: no special abilities


You were on level 4 of the Dungeon.
You visited 1 branch of the dungeon, and saw 4 of its levels.

You collected 212 gold pieces.

Inventory:

Hand Weapons
 a - a +2 quarterstaff of chaos (weapon)
 b - a +0 hunting sling
 q - a +2 dagger
Missiles
 d - 27 poisoned darts (quivered)
 e - 7 curare-tipped darts
 f - 124 stones
Armour
 c - a +0 cloak (worn)
 s - a +0 ring mail (worn)
Magical Staves
 n - a staff of earth
Wands
 m - a wand of flame (12)
 o - a wand of charming (3)
Scrolls
 g - a scroll of magic mapping {unknown}
 k - a scroll of noise {unknown}
 p - 2 scrolls of identify {unknown}
 r - a scroll of amnesia {unknown}
 t - a scroll of vulnerability {unknown}
 v - a scroll of acquirement {unknown}
Potions
 h - a potion of brilliance {unknown}
 i - 2 potions of invisibility {unknown}
 j - a potion of degeneration {unknown}
 l - a potion of haste {unknown}
 u - a potion of flight {unknown}
 w - a potion of berserk rage {unknown}


   Skills:
 + Level 3.3 Fighting
 - Level 2.7 Short Blades
 + Level 1.9 Staves
 + Level 3.3 Throwing
 + Level 2.4 Armour
 - Level 1.0 Dodging
 - Level 4.5 Stealth
 + Level 1.5 Spellcasting
 + Level 1.6 Summonings
 + Level 1.8 Evocations


You had 6 spell levels left.
You knew the following spells:

 Your Spells              Type           Power      Damage    Failure   Level
a - Call Canine Familiar  Summ           4%         N/A       67%         3

Your spell library contained the following spells:

 Spells                   Type           Power      Damage    Failure   Level
 Summon Small Mammal      Summ           16%        N/A       32%         1
 Animate Skeleton         Necr           0%         N/A       54%         1
 Apportation              Tloc           0%         N/A       54%         1
 Corona                   Hex            0%         N/A       54%         1
 Summon Guardian Golem    Hex/Summ       2%         N/A       80%         3
 Gell's Gravitas          Tloc           0%         N/A       88%         3
 Teleport Other           Tloc           0%         N/A       88%         3
 Dispersal                Tloc           0%         N/A       100%        6


Dungeon Overview and Level Annotations

Branches:
Dungeon (4/15)
 Temple: D:4-7

Altars:
Sif Muna
Xom


Message History

There is an open door here.
A black bear comes into view.
You hit the hobgoblin. You burn the hobgoblin.
The hobgoblin is almost dead.
The hobgoblin hits you but does no damage.
The hobgoblin closely misses you.
You sock the hobgoblin!
You kill the hobgoblin!
The black bear bites you.
The black bear claws you but does no damage.
The black bear barely misses you.
You thump the black bear! You freeze the black bear.
The black bear is heavily wounded.
The black bear bites you. The black bear claws you.
The black bear completely misses you.
You hit the black bear but do no damage.
The black bear flickers and vanishes!
Deactivating autopickup; reactivate with Ctrl-A.
Something bites you. Something claws you but does no damage.
Something claws you.
No target in view!
No target in view!
No target in view!
You closely miss something. Something bites you but does no damage.
Something claws you but does no damage. Something claws you.
You sock something! You closely miss something. Something bites you.
Something claws you. Something completely misses you. Something bites you!
Something claws you. Something claws you but does no damage.
You closely miss something. Something bites you.
* * * LOW HITPOINT WARNING * * *
Something claws you but does no damage. Something claws you.
* * * LOW HITPOINT WARNING * * *
Something completely misses you.
Something claws you but does no damage. x2
You hit something. Something bites you.
* * * LOW HITPOINT WARNING * * *
Something claws you.
* * * LOW HITPOINT WARNING * * *
Something claws you but does no damage. Something bites you!
You die...

#########. #≈ ≈#......... #≈. ♣♣♣
♣♣♣ .≈#......... #≈..♣..
..♣..≈#......... #≈..♣..
..♣..≈#......... #≈.....
.....≈#........#
#########≈.....♣..[..≈#........#
.#<......#≈.....{.....≈#........#
.........#≈≈≈≈≈≈@≈≈≈≈≈≈#........#
.######.########'#######..####...
........................<.# #.##
..####.###.###.#..........# #.##
#.##.#.#.# #.#..........# #.##
#......#.###.#..........# #.#.
######.......############ #.#
#......#.####### #.#
##.###.#.###.... ..


There were no monsters in sight!

Vanquished Creatures
  An ogre (D:4)
  A hound (D:4)
  Crazy Yiuf (D:2)
  An iguana (D:4)
  2 orc wizards
  A hound skeleton (D:4)
  A howler monkey zombie (D:4)
  6 adders
  An ufetubus (D:3)
  5 worms
  A dart slug (D:1)
  8 orcs
  3 ball pythons
  5 bats
  8 endoplasms
  4 giant cockroaches
  9 goblins
  7 hobgoblins
  3 quokkas
  4 frilled lizards
  6 kobolds
  4 rats
82 creatures vanquished.

Vanquished Creatures (others)
  An orc (D:4)
1 creature vanquished.

Grand Total: 83 creatures vanquished

Notes
Turn   | Place    | Note
-------+----------+-------------------------------------------
     0 | D:1      | belegose the Human Brigand began the quest for the Orb.
     0 | D:1      | Reached XP level 1. HP: 16/16 MP: 1/1
   169 | D:1      | Reached XP level 2. HP: 8/22 MP: 2/2
   611 | D:1      | Found a faded altar of an unknown god.
   645 | D:1      | Reached XP level 3. HP: 21/27 MP: 3/3
  1027 | D:1      | Found a shimmering altar of Xom.
  1226 | D:2      | Reached skill level 1 in Armour
  1415 | D:2      | HP: 1/28 [worm (5)]
  1769 | D:2      | Found a shimmering blue altar of Sif Muna.
  2085 | D:2      | Reached XP level 4. HP: 26/34 MP: 4/4
  2808 | D:2      | Found a runed translucent door.
  2809 | D:2      | Noticed Crazy Yiuf
  3006 | D:2      | Killed Crazy Yiuf
  3040 | D:2      | Learned a level 3 spell: Call Canine Familiar
  3074 | D:2      | Reached XP level 5. HP: 31/39 MP: 5/5
  3897 | D:4      | Noticed a phantom
  3906 | D:3      | Reached skill level 1 in Evocations
  4182 | D:4      | Reached skill level 1 in Staves
  4182 | D:4      | Reached XP level 6. HP: 45/46 MP: 6/6
  4206 | D:4      | Reached skill level 1 in Spellcasting
  4206 | D:4      | Reached skill level 1 in Summonings
  4365 | D:4      | HP: 2/47 [something (4)]
  5130 | D:4      | Noticed an ogre
  5148 | D:4      | Killed an ogre
  5149 | D:4      | Reached XP level 7. HP: 52/52 MP: 7/9
  5572 | D:4      | HP: 2/52 [something (5)]
  5572 | D:4      | Mangled by a black bear

Illustrated notes

Levels and vault maps discovered:
D:1:      dpeg_arrival_lava_altar, layout_basic,
          hellmonk_ecumenical_altar_run_dry
D:2:      layout_basic, basic_altar, uniq_crazy_yiuf_cottage
D:3:      layout_basic
D:4:      layout_basic, kennysheep_generic_room_16

Skill      XL: |  1  2  3  4  5  6 |
---------------+-------------------+-----
Armour         | 1 2 |  2.4
Evocations     | 1 |  1.8
Staves         | 1 |  1.9
Fighting       | 3 |  3.3
Throwing       | 3 |  3.3
Spellcasting   | 1 |  1.5
Summonings     | 1 |  1.6
Short Blades   | |  2.7
Dodging        | |  1.0
Stealth        | |  4.5

Action                   |  1- 3 |  4- 6 |  7- 9 || total
-------------------------+-------+-------+-------++-------
Melee: Dagger            |   111 |    16 |       ||   127
       Quarterstaff      |       |   126 |    26 ||   152
Throw: Dart              |    17 |    22 |       ||    39
Evoke: Wand              |       |     4 |       ||     4
 Stab: Sleeping          |     1 |     6 |       ||     7
Armor: Robe              |    22 |     1 |       ||    23
       Ring mail         |       |    62 |    12 ||    74
Dodge: Dodged            |    44 |    57 |    11 ||   112
